 Dungeon Crawl Stone Soup version bcrawl-1.41.1 (webtiles) character file.

Game seed: 17611840470603068092

191988 Mehrunes the Insei (level 6, -5/43 HPs)
             Began as an Octopode Martial Artist on Apr 13, 2024.
             Was an Elder of Wu Jian.
             Slain by a gnoll
             ... wielding a +0 spear
              (6 damage)
             ... on level 3 of the Dungeon.
             The game lasted 00:09:25 (2841 turns).

Mehrunes the Insei (Octopode Martial Artist)        Turns: 2841, Time: 00:09:26

Health: -5/43      AC:  1    Str: 10 (11) XL:     6   Next: 55%
Magic:  9/9        EV: 14    Int: 18 (19) God:    Wu Jian [****..]
Gold:   284        SH:  0    Dex: 13 (14) Spells: 8/9 levels left

rFire    . . .     GDR:     25%   - Tentacles (8.5)
rCold    . . .     SeeInvis .   (no shield)
rNeg     . . .     Gourm    .   p - +0 hat
rPois    .         Faith    .   (cloak restricted)
rElec    .         Spirit   .   (no amulet)
rCorr    .         Reflect  .   (no ring)
MR       .....                  (no ring)
Stlth    +.........             (no ring)
HPRegen  0.17/turn              (no ring)
MPRegen  0.11/turn              (no ring)
                                (no ring)
                                (no ring)
                                (no ring)

@: brilliant, exhausted, glowing, lightly drained
A: almost no armour, stealthy swim, resist paralysis, amphibious, 8 rings,
constrict 8, camouflage 1, gelatinous body 1
a: Wall Jump, Serpent's Lash, Heavenly Storm, Renounce Religion


You were on level 3 of the Dungeon.
You worshipped Wu Jian.
Wu Jian was greatly pleased with you.
You were not hungry.

You visited 1 branch of the dungeon, and saw 3 of its levels.

You collected 284 gold pieces.

Inventory:

Hand Weapons
 b - a +0 hunting sling
 i - a +0 blowgun
Missiles
 n - 14 poisoned needles
 o - 502 stones (quivered)
 y - 112 poisoned tomahawks
Armour
 p - a +0 hat (worn)
Jewellery
 c - an uncursed ring of see invisible {unknown}
 l - a cursed -2 ring of intelligence {unknown}
 m - an uncursed ring of poison resistance {unknown}
 q - an uncursed ring of positive energy {unknown}
Scrolls
 d - 2 scrolls of amnesia
 j - a scroll of noise
 r - 2 scrolls of remove curse {unknown}
 s - 2 scrolls of teleportation {unknown}
 u - a scroll of immolation {unknown}
 w - a scroll of fog {unknown}
Potions
 a - 2 potions of agility
 f - a potion of brilliance
 g - a potion of flight {unknown}
 k - a potion of curing {unknown}
 t - a potion of heal wounds {unknown}
 v - a potion of invisibility {unknown}
Comestibles
 e - 7 rations {!d}
 x - 15 chunks of flesh


   Skills:
 + Level 3.7(3.3) Fighting
 + Level 1.2(0.8) Slings
 + Level 3.9(3.5) Dodging
 - Level 1.5(1.1) Stealth
 * Level 5.6(5.1) Unarmed Combat
 - Level 2.0(1.5) Spellcasting
 + Level 2.7(2.3) Hexes


You had 8 spell levels left.
You knew the following spells:

 Your Spells              Type           Power        Failure   Level  Hunger
a - Confusing Touch       Hex            ###.....     1%          1    None
Your spell library was empty.

Dungeon Overview and Level Annotations

Branches:
Dungeon (3/12)

Altars:
Okawaru
Xom


Innate Abilities, Weirdness & Mutations

You cannot wear most types of armour.
You are very stealthy in the water. (Stealth+)
Your unusual nervous system resists paralysis.
You are amphibious.
You can wear up to eight rings at the same time.
You can use your tentacles to constrict eight enemies at once.
Your skin changes colour to match your surroundings (Stealth+).
Your rubbery body absorbs attacks. (AC +1, EV +1)


Message History

You tentacle-slap the gnoll.
The gnoll is severely wounded.
You feel drained.
Your supernatural speed expires.
You release your grip on the gnoll.
You spin and attack the gnoll.
You tentacle-slap the gnoll but do no damage.
The gnoll is moderately wounded.
You spin and attack the gnoll.
You barely miss the gnoll.
The gnoll is severely wounded.
The gnoll hits you. The gnoll hits you with a +0 spear!
* * * LOW HITPOINT WARNING * * *
It was a potion of brilliance.
You feel clever all of a sudden. The gnoll completely misses you.
The gnoll closely misses you.
It was a potion of degeneration.
There was something very wrong with that liquid.
You feel weakened.
You feel dopey.
You feel clumsy. The gnoll hits you.
* * * LOW HITPOINT WARNING * * *
The gnoll hits you with a +0 spear.
You die...

#############+ ##.# '....'.g.....
.#.# #....#....... ..# #
#....#....... #'#
.#############''''#############.g
g#............................#g.
##≈≈≈≈≈≈≈≈≈≈≈≈....≈≈≈≈≈≈≈≈≈≈≈≈###
≈≈≈≈≈≈≈≈≈≈≈≈≈≈....≈≈≈≈≈≈≈≈≈≈≈≈≈≈≈
≈≈≈≈≈≈≈≈≈≈≈≈≈≈.g@g≈)≈≈≈≈≈≈≈≈≈≈≈≈≈
.................○.).............
......................###########
###.#.#..........#...##
.##...#................
............#............
....##.....#_#...........
##..........#............
#....##.....)....#.######


You could see 2 gnolls.

Vanquished Creatures
  A crimson imp (D:2)
  A gnoll shaman (D:3)
  Jessica (D:2)
  Robin (D:2)
  8 gnolls (D:3)
  4 adders
  2 oozes
  3 dart slugs
  3 leopard geckos
  An orc (D:3)
  2 giant cockroaches
  17 goblins
  12 hobgoblins
  14 jackals (D:3)
  9 kobolds
  3 quokkas (D:2)
  A ball python (D:1)
  11 bats
  4 frilled lizards
  8 rats
106 creatures vanquished.

Notes
Turn   | Place    | Note
-------+----------+-------------------------------------------
     0 | D:1      | Mehrunes the Octopode Martial Artist began the quest for
                  | the Orb.
     0 | D:1      | Reached XP level 1. HP: 16/16 MP: 2/2
    89 | D:1      | Reached XP level 2. HP: 16/21 MP: 1/3
   462 | D:1      | Reached ** piety under Wu Jian
   464 | D:1      | Reached XP level 3. HP: 22/26 MP: 3/5
   924 | D:2      | Noticed Jessica
   970 | D:2      | Killed Jessica
   971 | D:2      | Reached XP level 4. HP: 31/31 MP: 6/6
  1429 | D:2      | Noticed Robin
  1435 | D:2      | Killed Robin
  1527 | D:2      | Reached XP level 5. HP: 35/36 MP: 5/7
  1532 | D:2      | Reached *** piety under Wu Jian
  1564 | D:2      | Found a faded altar of an unknown god.
  2066 | D:2      | Reached skill level 5 in Unarmed Combat
  2119 | D:3      | Found a shimmering altar of Xom.
  2272 | D:3      | Found an iron altar of Okawaru.
  2340 | D:3      | Reached XP level 6. HP: 42/42 MP: 9/9
  2678 | D:3      | Reached skill level 1 in Slings
  2828 | D:3      | Reached **** piety under Wu Jian
  2841 | D:3      | HP: 1/43 [gnoll (6)]
  2841 | D:3      | Slain by a gnoll

Skill      XL: |  1  2  3  4  5  6 |
---------------+-------------------+-----
Hexes          | 2 |  2.7
Spellcasting   | 2 |  2.0
Unarmed Combat | 5 |  5.6
Slings         | 1 |  1.2
Fighting       | |  3.7
Dodging        | |  3.9
Stealth        | |  1.5

Action                   |  1- 3 |  4- 6 || total
-------------------------+-------+-------++-------
Melee: Unarmed           |    58 |   186 ||   244
       Constrict         |    10 |    49 ||    59
       Tentacles         |     8 |    30 ||    38
       Punch             |     3 |     4 ||     7
 Fire: Hunting sling     |     2 |    33 ||    35
 Cast: Confusing Touch   |     2 |    14 ||    16
 Abil: Whirlwind         |     5 |    48 ||    53
       Lunge             |     9 |    16 ||    25
       Serpent's Lash    |       |     1 ||     1
  Use: Scroll            |       |     2 ||     2
       Potion            |       |     2 ||     2
 Stab: Sleeping          |     6 |     6 ||    12
       Distracted        |     1 |     2 ||     3
       Confused          |       |     4 ||     4
  Eat: Chunk             |     2 |    11 ||    13
Armor: Skin              |     2 |     9 ||    11
Dodge: Dodged            |    36 |   105 ||   141
